 Dungeon Crawl Stone Soup version 0.31-a0-844-gdc52ec4 (webtiles) character file.

Game seed: 14379484142907901107

1787175 BarneyGumball the Acrobat (level 24, 125/125 HPs)
             Began as a Spriggan Hunter on Sept 29, 2023.
             Was an Elder of Hepliaklqana.
             Escaped with the Orb
             ... and 3 runes on Sept 30, 2023!
             The game lasted 06:24:29 (57161 turns).

BarneyGumball the Acrobat (Spriggan Hunter)        Turns: 57161, Time: 06:24:30

Health: 125/125    AC:  9    Str:  7    XL:     24   Next: 80%
Magic:  32/32      EV: 46    Int: 14    God:    Hepliaklqana [****..]
Gold:   1452       SH:  0    Dex: 26    Spells: 27/39 levels left

rFire   + + .        a - +9 arbalest (freeze)
rCold   + + .        (shield currently unavailable)
rNeg    . . .        W - +3 troll leather armour
rPois   .            h - +2 hat
rElec   .            I - scarf {rC+ rF+}
rCorr   .            (gloves unavailable)
SInv    +            (boots unavailable)
Will    +++++        T - amulet of faith
Stlth   +            y - ring of protection from fire
HPRegen 1.20/turn    U - ring "Wugeum" {rC+ Will+ Slay+3}
MPRegen 0.23/turn

%: faith
@: very quick
A: reduced essence, very small, no large weapons, unfitting armour, see
invisible, speed 3, low MP 1, shaggy fur 1
0: Orb of Zot
}: 3/15 runes: barnacled, abyssal, gossamer
a: Renounce Religion, Recall Ancestor, Ancestor Identity, Transference, Idealise


You escaped.
You worshipped Hepliaklqana.
Hepliaklqana was greatly pleased with you.
You visited 9 branches of the dungeon, and saw 46 of its levels.
You visited the Abyss 1 time.
You also visited: Ossuary.

You collected 6038 gold pieces.
You spent 4586 gold pieces at shops.

Inventory:

Hand Weapons
 a - a +9 arbalest of freezing (weapon)
 b - the +3 arbalest "Ukesk" {elec, rN+ Str+3}
   (You bought it in a shop on level 3 of the Dungeon)

   Str+3:     It affects your strength (+3).
   rN+:       It protects you from negative energy.
Armour
 h - a +2 hat (worn)
 I - a scarf of resistance (worn)
 R - the +1 storm dragon scales of Limited Liability {rElec Str+2}
   (You bought it in a shop on level 2 of the Orcish Mines)

   Str+2:     It affects your strength (+2).
   rElec:     It insulates you from electricity.
 W - a +3 troll leather armour (worn)
Jewellery
 g - the ring of Uti Ved {+Blink rF- rN+ Str-2 Slay+4}
   (You took it off a vampire knight on level 1 of the Realm of Zot)

   [ring of positive energy]

   Str-2:     It affects your strength (-2).
   Slay+4:    It affects your accuracy & damage with ranged weapons and melee
   (+4).
   rF-:       It makes you vulnerable to fire.
   rN+:       It protects you from negative energy.
   +Blink:    It lets you blink.
 j - a ring of willpower
 q - a ring of flight
 w - a ring of resist corrosion
 y - a ring of protection from fire (left hand)
 D - a ring of positive energy
 L - a +4 ring of protection
 N - a ring of protection from cold
 T - an amulet of faith (around neck)
 U - the ring "Wugeum" (right hand) {rC+ Will+ Slay+3}
   (You found it on level 4 of the Shoals)

   [ring of protection from cold]

   Slay+3:    It affects your accuracy & damage with ranged weapons and melee
   (+3).
   rC+:       It protects you from cold.
   Will+:     It increases your willpower.
 Y - the ring "Gaselath" {AC+4 Dex+6}
   (You bought it in a shop on level 1 of the Depths)

   [ring of protection]

   AC+4:      It affects your AC (+4).
   Dex+6:     It affects your dexterity (+6).
Wands
 d - a wand of paralysis (37)
 o - a wand of polymorph (31)
 x - a wand of roots (57)
 O - a wand of digging (10)
 P - a wand of flame (105)
 Q - a wand of mindburst (19)
 Z - a wand of light (18)
Scrolls
 i - 10 scrolls of poison
 l - 2 scrolls of enchant weapon
 r - 5 scrolls of vulnerability
 s - 6 scrolls of teleportation
 t - 9 scrolls of fear
 v - 7 scrolls of fog
 C - 2 scrolls of brand weapon
 E - 5 scrolls of immolation
 F - 4 scrolls of amnesia
 K - 8 scrolls of enchant armour
 V - 3 scrolls of silence
Potions
 c - 8 potions of attraction
 e - 15 potions of ambrosia
 f - 7 potions of lignification
 k - 3 potions of curing
 m - a potion of heal wounds
 p - 6 potions of mutation
 u - a potion of haste
 z - 3 potions of cancellation
 B - 4 potions of magic
 H - 13 potions of enlightenment
 J - 7 potions of brilliance
 M - 5 potions of invisibility
Miscellaneous
 S - a condenser vane


   Skills:
 + Level 18.3 Fighting
 + Level 24.7 Ranged Weapons
 - Level 6.0 Armour
 - Level 26.0 Dodging
 - Level 3.0 Stealth
 - Level 8.0 Spellcasting
 - Level 14.3 Hexes
 - Level 5.0 Translocations
 - Level 8.0 Air Magic
 - Level 10.0 Invocations
 + Level 21.4 Evocations


You had 27 spell levels left.
You knew the following spells:

 Your Spells              Type           Power      Damage    Failure   Level
a - Cause Fear            Hex            22%        N/A       1%          4
b - Silence               Hex/Air        18%        N/A       5%          5
c - Blink                 Tloc           38%        N/A       3%          2
d - Apportation           Tloc           38%        N/A       2%          1

Your spell library contained the following spells:

 Spells                   Type           Power      Damage    Failure   Level
 Ensorcelled Hibernation  Hex/Ice        50%        N/A       1%          2
 Jinxbite                 Hex            90%        N/A       1%          2
 Swiftness                Air            28%        N/A       1%          3
 Shock                    Conj/Air       64%        1d7       3%          1
 Dazzling Flash           Conj/Hex       50%        N/A       3%          3
 Inner Flame              Hex/Fire       25%        N/A       3%          3
 Summon Guardian Golem    Hex/Summ       25%        N/A       3%          3
 Poisonous Vapours        Pois/Air       32%        N/A       5%          2
 Static Discharge         Conj/Air       32%        2-4/arc   5%          2
 Gell's Gravitas          Tloc           19%        N/A       7%          3
 Teleport Other           Tloc           19%        N/A       7%          3
 Airstrike                Air            14%        2d(2-18)  7%          4
 Cigotuvi's Dreadful Rot  Necr/Pois/Air  26%        N/A       10%         2
 Anguish                  Hex/Necr       12%        N/A       10%         4
 Fulminant Prism          Conj/Hex       12%        3d9       10%         4
 Vhi's Electric Charge    Tloc/Air       46%        N/A       12%         4
 Foxfire                  Conj/Fire      20%        2x1d5     19%         1
 Freeze                   Ice            20%        1d4       19%         1
 Magic Dart               Conj           20%        1d4       19%         1
 Necrotise                Necr           20%        1d5       19%         1
 Sandblast                Erth           10%        2d5       19%         1
 Sting                    Tmut/Pois      20%        1d4       19%         1
 Summon Small Mammal      Summ           20%        N/A       19%         1
 Mephitic Cloud           Conj/Pois/Air  13%        N/A       19%         3
 Volatile Blastmotes      Fire/Tloc      24%        2d12      19%         3
 Manifold Assault         Tloc           19%        N/A       22%         4
 Passwall                 Tmut/Erth      4%         N/A       26%         2
 Scorch                   Fire           10%        2d5       26%         2
 Searing Ray              Conj           10%        2d4       26%         2
 Wereblood                Tmut           5%         N/A       26%         2
 Yara's Violent Unravell  Hex/Tmut       12%        3d7       26%         5
 Summon Lightning Spire   Summ/Air       16%        N/A       34%         4
 Enfeeble                 Hex            22%        N/A       41%         7
 Call Canine Familiar     Summ           5%         N/A       47%         3
 Frozen Ramparts          Ice            10%        1d2       47%         3
 Hailstorm                Conj/Ice       5%         3d4       47%         3
 Ignite Poison            Fire/Tmut/Pois 5%         N/A       47%         3
 Stone Arrow              Conj/Erth      10%        3d7       47%         3
 Vampiric Draining        Necr           5%         2d6       47%         3
 Iskenderun's Mystic Bla  Conj/Tloc      12%        2d5       54%         4
 Arcjolt                  Conj/Air       8%         1d18      67%         5
 Freezing Cloud           Conj/Ice/Air   6%         6-21      86%         5
 Animate Armour           Summ/Erth      10%        N/A       87%         4
 Animate Dead             Necr           5%         N/A       87%         4
 Brom's Barrelling Bould  Conj/Erth      5%         2d3       87%         4
 Dispel Undead            Necr           5%         3d7       87%         4
 Flame Wave               Conj/Fire      5%         2d5       87%         4
 Olgreb's Toxic Radiance  Pois           5%         N/A       87%         4
 Sticky Flame             Conj/Fire      5%         2d3       87%         4
 Dispersal                Tloc           9%         N/A       98%         6
 Agony                    Necr           5%         N/A       99%         5
 Alistair's Intoxication  Tmut/Pois      3%         N/A       99%         5
 Fireball                 Conj/Fire      2%         3d4       99%         5
 Irradiate                Conj/Tmut      2%         3d12      99%         5
 Iskenderun's Battlesphe  Conj           5%         2d6       99%         5
 Lee's Rapid Deconstruct  Erth           2%         3d5*      99%         5
 Conjure Ball Lightning   Conj/Air       8%         3x3d6     99%         6
 Plasma Beam              Fire/Air       8%         2x1d18    99%         6
 Death Channel            Necr           2%         N/A       100%        6
 Eringya's Noxious Bog    Tmut/Pois      2%         4d6       100%        6
 Starburst                Conj/Fire      2%         6d3       100%        6
 Summon Cactus Giant      Summ           2%         N/A       100%        6
 Haunt                    Necr/Summ      2%         N/A       100%        7
 Malign Gateway           Summ/Tloc      6%         N/A       100%        7
 Orb of Destruction       Conj           2%         9d5       100%        7
 Summon Hydra             Summ           2%         N/A       100%        7
 Borgnjor's Revivificati  Necr           2%         N/A       100%        8
 Ignition                 Fire           2%         3d3       100%        8
 Infestation              Necr           2%         N/A       100%        8
 Lehudib's Crystal Spear  Conj/Erth      2%         10d2      100%        8
 Maxwell's Capacitive Co  Air            14%        ∞         100%        8
 Chain Lightning          Conj/Air       8%         3d10      100%        9
 Death's Door             Necr           2%         N/A       100%        9
 Dragon's Call            Summ           2%         N/A       100%        9
 Fire Storm               Conj/Fire      2%         8d1       100%        9
 Shatter                  Erth           2%         3d6*      100%        9


Dungeon Overview and Level Annotations

Branches:
Dungeon (15/15)            Temple (0/1) D:6            Lair (5/5) D:9
 Shoals (4/4) Lair:2       Spider (4/4) Lair:2        Slime (0/5) Lair:5
    Orc (2/2) D:10            Elf (3/3) Orc:2        Vaults (4/5) D:13
  Crypt (0/3) Vaults:3     Depths (4/4) D:15            Zot (5/5) Depths:4
Ossuary (visited)

Altars:
Ashenzari
Cheibriados
Elyvilon
Fedhas
Gozag
Hepliaklqana
Makhleb
Okawaru
Qazlal
Sif Muna
Uskayaw
Vehumet
Xom
Yredelemnul
Jiyva

Shops:
D:3 !(((   D:10 (   D:14 [[   Orc:2 ===(*!   Elf:2 (   Elf:3 :**   Vaults:2 [[
Vaults:3 ?   Depths:1 :=:   Depths:3 !

Portals:
Hell: Depths:1 Depths:2 Depths:3 Depths:4
Abyss: Depths:3
Pandemonium: Depths:1 Depths:2
Ziggurat: Depths:2

Annotations:
D:3 1 runed translucent door, exclusion: door, Crazy Yiuf
D:13 Nessos
D:14 2 transporters, Diff's ghost, adept DjEE
Lair:1 exclusion: boulder beetle
Shoals:2 exclusion: kraken
Spider:1 Rupert
Spider:2 exclusion: emperor scorpion
Elf:2 5 runed translucent doors, exclusion: 5 doors, Niuneny's ghost, journeyman FeEE
Elf:3 1 exclusion
Vaults:1 1 runed translucent door, exclusion: door, Saint Roka
Depths:2 exclusion: 2 lightning spires
Depths:3 2 transporters, 3 runed translucent doors, exclusions: 3 doors and orange crystal statue, Jory; Vyimam's ghost, adept TrGl
Zot:1 6 transporters


Innate Abilities, Weirdness & Mutations

Your life essence is reduced to manifest your ancestor. (-10% HP)
You are very small and have problems with some larger weapons.
You are too small for most types of armour.
You have supernaturally acute eyesight. (SInv)
You cover ground extremely quickly. (Speed+++)
Your magical capacity is low. (-10% MP)
You are covered in fur. (AC +1)


Message History

The bolt of lightning hits you! You resist. The blizzard demon gestures at you.
The bolt of cold misses you.
There is a stone staircase leading up here.
You climb upwards.
There is a stone staircase leading down, spattered with blood here.
You see here a +0 club.
HP restored.
There is a stone staircase leading up here.
You climb upwards.
There is a stone staircase leading down here.
There is a stone staircase leading up here.
You climb upwards.
Level annotation: 1 runed translucent door, exclusion: door, Crazy Yiuf
There is a stone staircase leading down here.
Aiming: Dig
Press: ? - help, Shift-Dir - straight line You can't see that place. [the floor.]
The rock shatters into small pieces.
There is a stone staircase leading up here.
You climb upwards.
There is a stone staircase leading down here.
You start to feel less resistant.
Aiming: Dig
Press: ? - help, Shift-Dir - straight line A rock wall.
This square is covered in magical glow.
The rock shatters into small pieces.
Your resistance to elements expires.
There is a stone staircase leading up here.
You climb upwards.
There is a stone staircase leading down here.
Aiming: Dig
Press: ? - help, Shift-Dir - straight line A rock wall.
This square is covered in magical glow.
The rock shatters into small pieces.
There is a staircase leading out of the dungeon here.
You have escaped!

.>......................##....###
#######.#.#.###.#####..........#
........#[#.# #.# #..........#
#########.#.###.# #..........#
..........#.....# ####.#######
.....##########.########.# .†[..#
#.............#.# .....#
#.............#.######## .....#
#......@......#......... )....#
#.............#......... .....#
#.............#.........
....)##########.>.######.........
..........# #...#....#......###
..........# #.#.#.##.######'###
..........# #...#..#.# #......
..........# #.#.#..#.# #......
..........# #...#..#.# #...>..


There were no monsters in sight!

Vanquished Creatures
  3 dread liches
  5 ancient liches
  Mara (Depths:3)
  A Killer Klown (Zot:5)
  Frederick (Depths:3)
  2 caustic shrikes (Depths:2)
  A curse toe (Zot:4)
  5 golden dragons
  Arachne (Spider:3)
  Nikola (Spider:1)
  A bone dragon (Depths:4)
  An electric golem (Zot:5)
  7 tentacled monstrosities
  2 doom hounds (Depths:2)
  4 liches
  15 Orb Guardians (Zot:5)
  2 deep elf master archers (Elf:3)
  2 deep elf blademasters (Elf:3)
  Grunn (Depths:2)
  A walking earthen tome (Depths:3)
  2 quicksilver dragons (Zot:4)
  4 sphinxes
  3 death cobs
  Agnes (Spider:3)
  8 storm dragons
  7 shadow dragons
  3 tengu reavers
  A draconian monk (Depths:4)
  2 frost giants
  2 nagarajas (Depths:1)
  4 draconian knights
  6 deep elf sorcerers
  An iron dragon (Depths:3)
  3 emperor scorpions
  9 vault wardens
  2 fire giants
  3 ghost moths
  2 draconian scorchers
  A balrug (Depths:1)
  A deep elf elementalist (Elf:3)
  An orc warlord (Orc:1)
  2 draconian shifters
  Louise (D:15)
  5 draconian annihilators
  14 ironbound preservers
  4 draconian stormcallers
  9 stone giants
  5 broodmothers
  2 spriggan defenders (Depths:2)
  A war gargoyle (Vaults:2)
  5 deep elf demonologists
  6 green draconians
  2 ironbound thunderhulks (Vaults:4)
  8 vampire knights
  10 black draconians
  5 purple draconians
  9 red draconians
  Azrael (Spider:1)
  6 dire elephants
  6 deep elf annihilators (Elf:3)
  10 yellow draconians
  8 white draconians
  6 spark wasps
  6 ettins
  4 deep elf death magi
  6 merfolk impalers
  6 fire dragons
  A jiangshi (Vaults:3)
  Josephine (D:12)
  3 merfolk javelineers (Shoals:4)
  3 entropy weavers
  4 great orbs of eyes
  3 deep elf high priests
  2 vault guards (Vaults:1)
  6 yaktaur captains
  2 rakshasas
  4 ironbound frosthearts
  4 ice dragons
  4 hydras
  2 radroaches (Spider:3)
  4 centaur warriors
  2 anacondas (Depths:1)
  3 boulder beetles
  2 merfolk avatars
  4 catoblepae
  A spriggan air mage (Depths:4)
  13 dancing weapons
  A two-headed ogre (D:10)
  2 merfolk aquamancers (Shoals:4)
  3 demonic crawlers
  2 jorogumos
  A satyr (Shoals:4)
  An alligator snapping turtle (Shoals:2)
  2 deep troll shamans (Depths:3)
  A death knight (Depths:2)
  4 deep troll earth magi
  A death scarab (Spider:3)
  7 naga warriors (Depths:1)
  2 tengu warriors (Depths:4)
  A death yak (Lair:5)
  A spriggan (Depths:2)
  5 orc high priests (Orc:2)
  2 spriggan berserkers
  Urug (D:13)
  A storm dragon zombie (D:15)
  Nergalle (Lair:1)
  Sonja (Lair:1)
  13 deep elf knights
  2 salamander mystics (Depths:4)
  4 skysharks
  A spark wasp zombie (Depths:2)
  9 skeletal warriors
  A shadow wraith (Depths:2)
  A fire crab (shapeshifter) (Elf:3)
  5 orb spiders
  5 iron trolls
  3 sun moths
  37 deep trolls
  4 pharaoh ants
  6 sea snakes
  5 wizards
  5 glowing orange brains
  Lodul (D:13)
  The ghost of Dorkslayer the Cudgeller, a novice OpFi of Dithmenos (D:8)
  2 tengu zombies (Depths:2)
  11 deep elf archers
  4 steelbarb worms
  20 harpies
  2 phantasmal warriors (Depths:4)
  17 deep elf zephyrmancers
  12 lindwurms
  15 ironbound convokers
  2 necromancers
  19 deep elf pyromancers
  An orc knight (Orc:2)
  3 orc sorcerers
  9 manticores
  13 wolf spiders
  25 moths of wrath
  3 fauns (Shoals:2)
  4 cyclopes
  3 salamanders (Depths:4)
  19 ugly things
  A manticore (shapeshifter) (Elf:3)
  8 elephants
  13 vault sentinels
  6 black mambas
  8 merfolk sirens
  A rust devil (Depths:1)
  3 water nymphs
  A gargoyle (D:13)
  5 naga magi (Depths:1)
  2 guardian serpents (Depths:1)
  A smoke demon (Depths:1)
  7 torpor snails
  Maggie (D:9)
  13 cane toads
  3 rime drakes
  3 unseen horrors
  10 komodo dragons
  23 yaktaurs
  3 efreet
  A freezing wraith (Vaults:2)
  A rime drake (shapeshifter) (Depths:3)
  A tengu conjurer (Depths:4)
  3 harpy zombies (Shoals:1)
  A red devil (Depths:1)
  2 meliai (Spider:1)
  4 trolls
  18 merfolk
  2 tyrant leeches (Lair:5)
  11 hornets
  A raiju (Spider:3)
  26 tarantellas
  24 blink frogs
  Grinder (D:5)
  A tarantella (shapeshifter) (D:13)
  5 snapping turtles
  A jumping spider (shapeshifter) (Elf:3)
  9 dream sheep
  24 jumping spiders
  A shadow (D:13)
  A vampire (D:13)
  21 slime creatures
  19 culicivoras
  A spriggan (shapeshifter) (D:13)
  18 water elementals
  4 air elementals
  A ynoxinul (Depths:1)
  6 wraiths
  6 wyverns
  41 yaks
  10 humans (D:13)
  A golden eye (shapeshifter) (D:14)
  5 basilisks
  A fire elemental (Spider:1)
  2 large abominations (Abyss:3)
  30 redbacks
  5 vampire mosquitoes
  Menkaure (D:5)
  A naga (Depths:1)
  3 wargs (Orc:1)
  3 acid dragons
  14 water moccasins
  2 floating eyes
  5 hell hounds (Spider:1)
  A glowing shapeshifter skeleton (Depths:2)
  30 orc warriors
  An ice beast (D:5)
  2 sky beasts (Depths:2)
  4 boggarts (Vaults:3)
  5 ogres
  7 wolves
  A small abomination (Abyss:1)
  6 centaurs
  2 phantoms
  3 kobold brigands
  12 bullfrogs
  2 elf zombies (Ossuary)
  3 earth elementals
  5 scorpions
  5 wights
  17 killer bees (Lair:3)
  A troll skeleton (D:11)
  3 spriggan skeletons
  4 howler monkeys
  2 centaur zombies (Ossuary)
  A crimson imp (D:9)
  2 jellies
  6 hounds
  28 orc priests
  13 starcursed masses (Abyss:3)
  3 gnoll boudas
  Jessica (D:2)
  An iguana (D:5)
  A sleepcap (D:7)
  Ijyb (D:3)
  16 orc wizards
  2 mummies (Ossuary)
  11 gnolls
  7 adders
  A white imp (D:9)
  2 ufetubi
  4 dart slugs
  91 orcs
  4 endoplasms
  3 giant cockroaches
  8 goblins
  8 hobgoblins
  2 jackals (D:4)
  A quokka (D:3)
  6 ball pythons
  6 bats
  4 frilled lizards
  3 goblin zombies (Ossuary)
  9 hobgoblin zombies (Ossuary)
  2 jackal zombies (Ossuary)
  18 kobolds
  9 kobold zombies (Ossuary)
  8 orc zombies (Ossuary)
  6 rats
  A rat zombie (Ossuary)
1520 creatures vanquished.

Vanquished Creatures (collateral kills)
  2 dread liches
  4 ancient liches
  Sojobo (Depths:2)
  Vv (Depths:3)
  2 curse toes
  2 caustic shrikes (Depths:2)
  2 golden dragons
  An electric golem (Zot:5)
  Jorgrun (D:15)
  7 tentacled monstrosities
  3 liches
  8 Orb Guardians (Zot:5)
  A sphinx (Zot:1)
  A quicksilver dragon (Zot:5)
  Frances (D:13)
  3 shadow dragons
  A tengu reaver (Depths:2)
  3 storm dragons
  Donald (Vaults:2)
  2 draconian monks
  3 draconian knights
  5 nagarajas (Depths:1)
  A fire giant (Depths:3)
  2 frost giants (Depths:1)
  2 deep elf elementalists (Elf:3)
  2 emperor scorpions (Depths:2)
  A draconian scorcher (Zot:1)
  A draconian stormcaller (Zot:1)
  4 vault wardens
  3 ghost moths
  A draconian shifter (Zot:4)
  2 ironbound thunderhulks
  4 green draconians
  6 ironbound preservers
  3 stone giants
  4 deep elf demonologists (Elf:3)
  4 black draconians
  A deep elf annihilator (Elf:3)
  5 white draconians
  5 spark wasps
  2 dire elephants
  2 yellow draconians
  3 red draconians
  5 purple draconians
  A deep elf death mage (Depths:2)
  Snorg (D:13)
  A green death (Depths:2)
  A merfolk javelineer (Depths:1)
  3 ettins (Depths:1)
  A yaktaur captain (Vaults:3)
  2 fire dragons
  2 entropy weavers
  A great orb of eyes (Vaults:3)
  2 spriggan air magi
  2 deep elf high priests (Elf:3)
  3 vault guards
  2 ice dragons
  5 anacondas (Depths:1)
  2 rakshasas
  2 ironbound frosthearts
  A hydra (Lair:4)
  A two-headed ogre (D:10)
  2 centaur warriors
  2 naga warriors (Depths:1)
  2 boulder beetles
  A satyr (Shoals:2)
  A dancing weapon (Elf:2)
  2 death yaks (Lair:5)
  A vampire mage (Depths:2)
  2 tengu warriors
  A soul eater (Depths:2)
  A hell knight (Depths:3)
  5 deep elf knights
  A skyshark (Lair:2)
  3 pharaoh ants
  A storm dragon skeleton (Depths:2)
  3 sea snakes
  2 skeletal warriors (Depths:2)
  7 deep elf archers
  11 deep trolls
  An orb spider (Spider:4)
  2 necromancers
  A wizard (Vaults:4)
  3 harpies
  3 phantasmal warriors
  A flayed ghost (Depths:2)
  3 ironbound convokers
  2 steelbarb worms (Spider:4)
  4 orc knights (Orc:2)
  6 deep elf zephyrmancers
  9 deep elf pyromancers
  A tengu skeleton (Depths:2)
  2 manticores (Shoals:4)
  3 ugly things
  An orc sorcerer (Orc:1)
  8 wolf spiders
  A frost giant zombie (D:15)
  2 moths of wrath
  A cyclops (Shoals:2)
  3 vault sentinels
  A merfolk siren (Shoals:4)
  4 elephants
  2 salamanders (Depths:4)
  A fire giant skeleton (D:15)
  Maurice (D:12)
  2 black mambas
  A naga mage (Depths:1)
  3 torpor snails
  A rime drake (Lair:1)
  6 yaktaurs
  A spriggan zombie (D:15)
  5 komodo dragons
  A harpy zombie (Shoals:1)
  A meliai (Spider:1)
  A queen bee (Lair:3)
  A tyrant leech (Lair:5)
  A wind drake (Shoals:4)
  4 blink frogs
  7 tarantellas
  4 merfolk (Shoals:4)
  A snapping turtle (Shoals:1)
  2 dream sheep
  A knight (Depths:3)
  A jumping spider (shapeshifter) (Depths:2)
  6 jumping spiders
  10 culicivoras
  5 slime creatures
  A wraith (D:12)
  5 humans (D:13)
  2 basilisks
  4 water elementals
  A spriggan (Depths:2)
  7 yaks
  2 vampire mosquitoes (D:12)
  7 redbacks
  2 nagas (Depths:1)
  A warg (Orc:1)
  A water moccasin (Lair:4)
  2 floating eyes
  A hell hound (Spider:1)
  11 orc warriors
  A manticore zombie (Shoals:1)
  2 centaurs
  An earth elemental (Elf:3)
  2 bullfrogs
  3 wights (D:10)
  8 killer bees (Lair:3)
  3 spriggan skeletons (D:11)
  8 orc priests
  9 orc wizards
  A gnoll (D:5)
  23 orcs
  3 kobolds
  A hobgoblin zombie (Ossuary)
442 creatures vanquished.

Vanquished Creatures (others)
  A deep troll (Vaults:4)
  2 deep elf archers
  A deep elf zephyrmancer (Elf:3)
  6 yaktaurs
  A meliai simulacrum (D:15)
  76 knights
  2 ancestors (D:8)
89 creatures vanquished.

Grand Total: 2051 creatures vanquished

Notes
Turn   | Place    | Note
-------+----------+-------------------------------------------
     0 | D:1      | BarneyGumball the Spriggan Hunter began the quest for the
                  | Orb.
     0 | D:1      | Reached XP level 1. HP: 10/10 MP: 2/2
   148 | D:1      | Reached XP level 2. HP: 14/14 MP: 3/3
   486 | D:2      | Noticed a scorpion
   583 | D:1      | Killed a scorpion
   584 | D:1      | Reached skill level 5 in Ranged Weapons
   584 | D:1      | Reached XP level 3. HP: 18/18 MP: 4/4
   584 | D:1      | Reached XP level 4. HP: 22/22 MP: 5/5
   614 | D:2      | Noticed Jessica
   616 | D:2      | Killed Jessica
  1180 | D:2      | Reached XP level 5. HP: 25/25 MP: 6/6
  1257 | D:3      | Found Kueketug's Weapon Boutique.
  1293 | D:3      | Found a white marble altar of Elyvilon.
  1293 | D:3      | Noticed Ijyb
  1360 | D:3      | Found Fecish's Distillery.
  1388 | D:3      | Bought a potion of degeneration for 12 gold pieces
  1470 | D:3      | Found a runed translucent door.
  1471 | D:3      | Noticed Crazy Yiuf
  1534 | D:3      | Found Byger's Weapon Emporium.
  1597 | D:3      | Found Owniczu's Weapon Shoppe.
  2017 | D:3      | Reached XP level 6. HP: 14/30 MP: 7/7
  2406 | D:4      | Reached XP level 7. HP: 27/33 MP: 5/8
  3122 | D:5      | Entered Level 5 of the Dungeon
  3137 | D:5      | Noticed Grinder
  3528 | D:5      | Found a hazy altar of Hepliaklqana.
  3583 | D:5      | Reached skill level 10 in Ranged Weapons
  3583 | D:5      | Reached XP level 8. HP: 14/37 MP: 9/9
  3701 | D:5      | Found a burning altar of Makhleb.
  3703 | D:5      | Became a worshipper of Hepliaklqana the Forgotten
  3705 | D:5      | Found a basalt altar of Yredelemnul.
  3706 | D:5      | Noticed Menkaure
  4209 | D:6      | Found a staircase to the Ecumenical Temple.
  4386 | D:7      | Reached * piety under Hepliaklqana
  4506 | D:7      | You fall into a shaft and drop 1 floor!
  4601 | D:8      | Found a runed translucent door.
  4606 | D:8      | Noticed Dorkslayer's ghost (novice OpFi)
  4672 | D:8      | Killed Dorkslayer's ghost
  4673 | D:8      | Reached XP level 9. HP: 36/36 MP: 10/10
  4725 | D:8      | Identified the ring of Paxt {Str+3 Dex+4 SInv}
  4953 | D:8      | Found a sand-covered staircase.
  4958 | Ossuary  | Entered an ossuary
  5421 | D:8      | Reached skill level 3 in Dodging
  5421 | D:8      | Reached skill level 1 in Evocations
  5446 | D:8      | Reached ** piety under Hepliaklqana
  5447 | D:8      | Remembered your ancestor BadSmell as a knight
  5558 | D:9      | Reached skill level 1 in Invocations
  5574 | D:9      | Found a broken altar of Ashenzari.
  5710 | D:9      | Reached skill level 4 in Dodging
  5882 | D:9      | Noticed Maggie
  5898 | D:9      | Killed Maggie
  5899 | D:9      | Reached XP level 10. HP: 43/43 MP: 12/12
  6143 | D:9      | Noticed an elephant
  6189 | D:8      | Reached skill level 5 in Dodging
  6470 | D:9      | Found a staircase to the Lair.
  6510 | D:9      | Reached skill level 6 in Dodging
  6574 | D:9      | Killed an elephant
  6674 | D:9      | Reached *** piety under Hepliaklqana
  6758 | D:10     | Entered Level 10 of the Dungeon
  6781 | D:9      | Reached skill level 7 in Dodging
  6868 | D:10     | Reached skill level 8 in Dodging
  6949 | D:10     | Reached skill level 1 in Armour
  6951 | D:10     | Noticed a two-headed ogre
  6993 | D:10     | Killed a two-headed ogre
  7244 | D:10     | Reached XP level 11. HP: 48/48 MP: 15/15
  7246 | D:10     | Found a staircase to the Orcish Mines.
  7451 | D:10     | Found Kuoll's Antique Weapon Shoppe.
  7518 | D:10     | Noticed a two-headed ogre
  7542 | D:10     | Killed a two-headed ogre
  7543 | D:10     | Reached skill level 9 in Dodging
  7893 | D:11     | Reached skill level 5 in Fighting
  8357 | D:11     | Identified the +2 ring mail "Kadif Afuewk" {rF+ Str+6}
  8418 | Lair:1   | Entered Level 1 of the Lair of Beasts
  8438 | Lair:1   | Noticed Sonja
  8443 | Lair:1   | Noticed Nergalle
  8628 | Lair:1   | Reached skill level 10 in Dodging
  8637 | Lair:1   | Killed Sonja
  8748 | Lair:1   | Reached **** piety under Hepliaklqana
  8762 | Lair:1   | Noticed a boulder beetle
  8844 | Lair:1   | Killed Nergalle
  9104 | Lair:1   | Reached skill level 11 in Dodging
  9164 | Lair:1   | Reached XP level 12. HP: 55/55 MP: 16/16
  9269 | Lair:1   | Reached skill level 5 in Invocations
  9669 | Lair:2   | Found a blossoming altar of Fedhas.
  9820 | Lair:2   | Reached skill level 15 in Ranged Weapons
  9955 | Lair:2   | Found a staircase to the Shoals.
 10183 | Lair:2   | Reached skill level 12 in Dodging
 10190 | Lair:2   | Found a hole to the Spider Nest.
 10913 | Lair:3   | Found a frozen archway.
 11837 | Lair:3   | Reached XP level 13. HP: 60/60 MP: 18/18
 11915 | Lair:3   | Identified the amulet of Sub Jusk {Acrobat Harm rElec rPois
                  | rC-}
 12188 | D:3      | Killed Ijyb
 12290 | D:3      | Bought the +3 arbalest "Ukesk" {elec, rN+ Str+3} for 437
                  | gold pieces
 12348 | D:5      | Killed Grinder
 12485 | D:5      | Killed Menkaure
 12495 | D:5      | Found a snail-covered altar of Cheibriados.
 12496 | D:5      | Found a stormy altar of Qazlal.
 12497 | D:5      | Found a shimmering altar of Xom.
 12498 | D:5      | Found a hide-covered altar of Uskayaw.
 12785 | Lair:3   | You fall into a shaft and drop 2 floors!
 12785 | Lair:5   | Entered Level 5 of the Lair of Beasts
 13469 | Lair:4   | Reached ***** piety under Hepliaklqana
 13775 | Lair:4   | Reached skill level 1 in Hexes
 14352 | Lair:4   | Reached skill level 1 in Air Magic
 14387 | Lair:5   | Reached skill level 1 in Spellcasting
 14387 | Lair:5   | Found a viscous altar of Jiyva.
 14403 | Lair:5   | Found a staircase to the Slime Pits.
 14888 | Lair:5   | Reached skill level 5 in Hexes
 15232 | Lair:5   | Found a runed translucent door.
 15240 | Lair:5   | Reached XP level 14. HP: 64/64 MP: 22/22
 15262 | Lair:5   | Reached skill level 5 in Spellcasting
 15799 | Lair:5   | Reached skill level 5 in Air Magic
 16061 | Lair:5   | Identified the +6 short sword of Umnaotirgh {freeze, rPois
                  | rC- rCorr}
 16062 | Lair:5   | Identified the +6 scale mail of Plasticity {Harm}
 16863 | D:12     | Noticed Josephine
 16868 | D:12     | Killed Josephine
 16920 | D:12     | Noticed Maurice
 16934 | D:12     | Killed Maurice
 16997 | D:12     | Reached skill level 10 in Hexes
 17002 | D:12     | Learned a level 4 spell: Cause Fear
 17008 | D:12     | Learned a level 5 spell: Silence
 17338 | D:13     | Noticed Snorg
 17354 | D:13     | Killed Snorg
 17519 | D:13     | Noticed Urug
 17546 | D:13     | Killed Urug
 17564 | D:13     | Noticed Nessos
 17643 | D:13     | Noticed Lodul
 17649 | D:13     | Killed Lodul
 17653 | D:13     | Reached XP level 15. HP: 69/69 MP: 28/28
 17750 | D:13     | Found a gate to the Vaults.
 17810 | D:13     | Reached skill level 13 in Dodging
 17976 | D:13     | Noticed Frances
 17986 | D:13     | Killed Frances
 18144 | D:14     | Found an iron altar of Okawaru.
 18144 | D:14     | Found Ukhlecrir's Armour Shop.
 18235 | D:14     | Found Houlurgh's Armour Boutique.
 18246 | D:14     | Noticed a frost giant
 18249 | D:14     | Noticed Diff's ghost (adept DjEE)
 18250 | D:14     | Found a transporter.
 18252 | D:14     | Identified the +5 great mace of a volcano {freeze, Str+5}
 18252 | D:14     | Noticed a frost giant
 18254 | D:14     | Noticed a fire giant
 18261 | D:14     | Found a transporter.
 18562 | D:15     | Entered Level 15 of the Dungeon
 18582 | D:15     | Noticed Jorgrun
 18595 | D:15     | Killed Jorgrun
 18599 | D:15     | Noticed Louise
 19229 | D:15     | Killed Louise
 19245 | D:15     | Found a hide-covered altar of Uskayaw.
 19292 | D:15     | Found a staircase to the Depths.
 19612 | Orc:1    | Entered Level 1 of the Orcish Mines
 19843 | Orc:1    | Found a radiant altar of Vehumet.
 20110 | Orc:2    | Entered Level 2 of the Orcish Mines
 20121 | Orc:2    | Found Qufitauq's Jewellery Shoppe.
 20126 | Orc:2    | Found a staircase to the Elven Halls.
 20344 | Orc:2    | Found Roqox's Jewellery Shoppe.
 20352 | Orc:2    | Bought a ring of protection from fire for 425 gold pieces
 20968 | Orc:2    | Reached skill level 14 in Dodging
 21029 | Orc:2    | Found Gen Xeri's Jewellery Emporium.
 21029 | Orc:2    | Found Geciod's Weapon Emporium.
 21030 | Orc:2    | Found Hocyothro's General Store.
 21030 | Orc:2    | Found Cesuhyt's Distillery.
 21042 | Orc:2    | Bought a potion of brilliance for 40 gold pieces
 21042 | Orc:2    | Bought a potion of invisibility for 80 gold pieces
 21042 | Orc:2    | Bought a potion of heal wounds for 50 gold pieces
 21042 | Orc:2    | Bought a potion of heal wounds for 50 gold pieces
 21042 | Orc:2    | Bought a potion of attraction for 30 gold pieces
 21044 | Orc:2    | Bought a potion of resistance for 120 gold pieces
 21045 | Orc:2    | Bought a ring of protection from cold for 300 gold pieces
 21046 | Orc:2    | Bought a scroll of poison for 48 gold pieces
 21318 | Spider:1 | Entered Level 1 of the Spider Nest
 21537 | Spider:1 | Noticed Azrael
 21637 | Spider:1 | Killed Azrael
 21861 | Spider:1 | Reached XP level 16. HP: 75/75 MP: 29/29
 21888 | Spider:1 | Noticed Nikola
 21899 | Spider:1 | Killed Nikola
 22117 | Spider:1 | Noticed Rupert
 23101 | Spider:2 | Reached skill level 10 in Invocations
 23429 | Spider:3 | Reached skill level 10 in Fighting
 23713 | Spider:3 | Noticed Agnes
 23764 | Spider:3 | Killed Agnes
 23985 | Spider:3 | Reached skill level 15 in Dodging
 24408 | Spider:3 | Noticed Arachne
 24430 | Spider:3 | Killed Arachne
 25062 | Spider:4 | Entered Level 4 of the Spider Nest
 25155 | Spider:4 | Reached skill level 5 in Evocations
 25708 | Spider:4 | Reached skill level 16 in Dodging
 25712 | Spider:4 | Reached XP level 17. HP: 80/80 MP: 30/30
 26793 | Spider:4 | Reached skill level 5 in Armour
 26925 | Spider:4 | Got a gossamer rune of Zot
 27078 | Shoals:1 | Entered Level 1 of the Shoals
 27643 | Shoals:2 | Reached skill level 17 in Dodging
 28026 | Shoals:2 | Noticed a kraken
 28079 | Shoals:2 | Noticed a kraken
 28515 | D:7      | Found an opulent altar of Gozag.
 29617 | Shoals:3 | Identified the +10 dagger "Jellyslayer" {freeze, rC+}
 29663 | Shoals:4 | Entered Level 4 of the Shoals
 29671 | Shoals:3 | Reached skill level 10 in Evocations
 29991 | Shoals:4 | Identified the ring "Wugeum" {rC+ Will+ Slay+3}
 30019 | Shoals:4 | Reached skill level 18 in Dodging
 30323 | Shoals:4 | Got a barnacled rune of Zot
 30789 | Shoals:4 | Reached XP level 18. HP: 63/83 MP: 31/31
 31274 | Vaults:1 | Entered Level 1 of the Vaults
 31329 | Vaults:1 | Reached ****** piety under Hepliaklqana
 31635 | Vaults:1 | Reached skill level 15 in Evocations
 32139 | Vaults:1 | Found a runed translucent door.
 32555 | Vaults:1 | Noticed Saint Roka
 32706 | Vaults:2 | Found Getulom's Antique Armour Emporium.
 32711 | Vaults:2 | Noticed Donald
 32730 | Vaults:2 | Killed Donald
 33618 | Vaults:2 | Reached skill level 19 in Dodging
 33886 | Vaults:2 | Found Butochi's Armour Emporium.
 34389 | Vaults:2 | Reached XP level 19. HP: 90/90 MP: 29/32
 35127 | Vaults:3 | Found Yzxe's Magic Scroll Emporium.
 35745 | Vaults:3 | Found a staircase to the Crypt.
 36020 | Vaults:3 | Bought a scroll of fog for 72 gold pieces
 36020 | Vaults:3 | Bought a scroll of fear for 72 gold pieces
 36020 | Vaults:3 | Bought a scroll of enchant armour for 135 gold pieces
 36020 | Vaults:3 | Bought a scroll of fog for 72 gold pieces
 36142 | Vaults:3 | Reached skill level 20 in Dodging
 37353 | Vaults:4 | Learned a level 2 spell: Blink
 37471 | Vaults:4 | Reached skill level 1 in Translocations
 38158 | Depths:1 | Entered Level 1 of the Depths
 38305 | Depths:1 | Found Kept's Book Boutique.
 38306 | Depths:1 | Found Poxtaic's Jewellery Shoppe.
 38308 | Depths:1 | Found Jysuzoko's Book Boutique.
 38321 | Depths:1 | Bought the ring "Gaselath" {AC+4 Dex+6} for 722 gold pieces
 38383 | Depths:1 | Reached skill level 21 in Dodging
 38568 | Depths:1 | Reached XP level 20. HP: 97/97 MP: 33/33
 38661 | Depths:1 | Reached skill level 5 in Translocations
 39057 | Depths:1 | Found a gateway to Hell.
 39260 | Depths:1 | Noticed a golden dragon
 39275 | Depths:1 | Killed a golden dragon
 39657 | Depths:1 | Found a one-way gate leading to the halls of Pandemonium.
 39787 | Depths:2 | Noticed a caustic shrike
 39788 | Depths:2 | Noticed a caustic shrike
 39798 | Depths:2 | Killed a caustic shrike
 39798 | Depths:2 | Noticed a caustic shrike
 39800 | Depths:2 | Killed a caustic shrike
 39809 | Depths:2 | Killed a caustic shrike
 39810 | Depths:2 | Reached skill level 22 in Dodging
 39811 | Depths:2 | Noticed a caustic shrike
 39816 | Depths:2 | Killed a caustic shrike
 39889 | Depths:2 | Found a one-way gateway to a ziggurat.
 40038 | Depths:2 | Noticed Grunn
 40038 | Depths:2 | Noticed a doom hound
 40038 | Depths:2 | Noticed a doom hound
 40048 | Depths:2 | Killed a doom hound
 40052 | Depths:2 | Killed Grunn
 40053 | Depths:2 | Killed a doom hound
 40576 | Depths:2 | Noticed Sojobo
 41137 | Depths:2 | Noticed an ancient lich
 41170 | Depths:2 | Killed an ancient lich
 41256 | Depths:2 | Got a vibrant book
 41409 | Depths:2 | Reached XP level 21. HP: 77/103 MP: 32/34
 41728 | Depths:2 | Reached skill level 23 in Dodging
 42240 | Depths:2 | Found a shimmering blue altar of Sif Muna.
 42297 | Depths:2 | Killed Sojobo
 42397 | Depths:3 | Noticed Mara
 42507 | Depths:3 | Found a transporter.
 42514 | Depths:3 | Noticed a juggernaut
 42527 | Depths:3 | Noticed Vyimam's ghost (adept TrGl)
 42589 | Depths:3 | Found a transporter.
 42802 | Depths:3 | Killed Mara
 42993 | Depths:3 | Found a runed translucent door.
 43009 | Depths:3 | Found a runed translucent door.
 43009 | Depths:3 | Found a runed translucent door.
 43025 | Depths:3 | Noticed a golden dragon
 43035 | Depths:3 | Killed a golden dragon
 43171 | Depths:3 | Noticed Vv
 43355 | Depths:3 | Found Xunab's Distillery.
 43363 | Depths:3 | Bought a potion of heal wounds for 50 gold pieces
 43363 | Depths:3 | Bought a potion of cancellation for 80 gold pieces
 43363 | Depths:3 | Bought a potion of cancellation for 80 gold pieces
 43363 | Depths:3 | Bought a potion of enlightenment for 50 gold pieces
 43363 | Depths:3 | Bought a potion of curing for 30 gold pieces
 43380 | Depths:3 | Noticed Frederick
 43494 | Depths:4 | Entered Level 4 of the Depths
 43523 | Depths:4 | Noticed a golden dragon
 43535 | Depths:4 | Killed a golden dragon
 43896 | Depths:4 | Reached skill level 15 in Fighting
 44022 | Depths:4 | Reached skill level 24 in Dodging
 44218 | Depths:4 | Found a gate to the Realm of Zot.
 44799 | Depths:3 | Noticed Jory
 44955 | Depths:3 | Killed Vv
 45068 | Depths:3 | Killed Frederick
 45282 | Depths:3 | Found a one-way gate to the infinite horrors of the Abyss.
 45380 | Depths:1 | Bought a book of Party Tricks for 308 gold pieces
 45382 | Depths:1 | Learned a level 1 spell: Apportation
 45459 | Depths:3 | Voluntarily entered the Abyss.
 45479 | Abyss:1  | Found a corrupted altar of Lugonu.
 45488 | Abyss:1  | Found a corrupted altar of Lugonu.
 45502 | Abyss:1  | Found a corrupted altar of Lugonu.
 45506 | Abyss:1  | Found a corrupted altar of Lugonu.
 45506 | Abyss:1  | Found a corrupted altar of Lugonu.
 45543 | Abyss:2  | Found a corrupted altar of Lugonu.
 45613 | Abyss:3  | Got an abyssal rune of Zot
 45677 | Depths:3 | Escaped the Abyss
 45935 | Orc:2    | Bought the +1 storm dragon scales of Limited Liability
                  | {rElec Str+2} for 1154 gold pieces
 46225 | Depths:3 | Reached XP level 22. HP: 109/109 MP: 35/35
 46299 | Zot:1    | Entered Level 1 of the Realm of Zot
 46358 | Zot:1    | Noticed a dread lich
 46363 | Zot:1    | Noticed a dread lich
 46368 | Zot:1    | Killed a dread lich
 46371 | Zot:1    | Killed a dread lich
 46372 | Zot:1    | Noticed a dread lich
 46378 | Zot:1    | Noticed a dread lich
 46400 | Depths:4 | Killed a dread lich
 46424 | Depths:4 | Killed a dread lich
 46466 | Zot:1    | Identified the ring of Uti Ved {+Blink rF- rN+ Str-2
                  | Slay+4}
 46507 | Zot:1    | Identified the +0 falchion of Aruibihi {flame, rN++ Str+3
                  | Int-2 Stlth+}
 46510 | Zot:1    | Identified the staff "Nixuocsi" {rPois rC- rN+++ Summ
                  | Earth}
 46626 | Zot:1    | Found a transporter.
 46628 | Zot:1    | Found a transporter.
 46648 | Zot:1    | Noticed a curse toe
 46676 | Zot:1    | Killed a curse toe
 46750 | Zot:1    | Noticed a golden dragon
 46768 | Zot:1    | Killed a golden dragon
 47123 | Zot:1    | Found the +2 Maxwell's thermic engine {flame, freeze, rev}
 47132 | Zot:1    | Found a transporter.
 47132 | Zot:1    | Found a transporter.
 47200 | Zot:1    | Found a transporter.
 47203 | Zot:1    | Found a transporter.
 47382 | Zot:2    | Reached skill level 25 in Dodging
 47712 | Zot:2    | Noticed a curse toe
 47745 | Zot:2    | Killed a curse toe
 49473 | Elf:1    | Entered Level 1 of the Elven Halls
 49495 | Elf:1    | Identified the +1 pair of boots "Raivethreime" {-Cast
                  | Str+7}
 50036 | Elf:1    | Paralysed by an air elemental for 1 turns
 50176 | Elf:1    | Reached XP level 23. HP: 115/115 MP: 34/36
 50776 | Elf:2    | Found Epnebuis's Weapon Shop.
 50783 | Elf:2    | Found a large runed translucent door.
 50828 | Elf:2    | Found a runed translucent gate.
 50828 | Elf:2    | Found a runed translucent gate.
 50828 | Elf:2    | Found a runed translucent gate.
 51034 | Elf:2    | Found a large runed translucent door.
 51035 | Elf:2    | Noticed Niuneny's ghost (journeyman FeEE)
 51253 | Elf:3    | Entered Level 3 of the Elven Halls
 51537 | Elf:3    | Found Syodof's General Store.
 51541 | Elf:3    | Found Cutaus's General Store.
 51587 | Elf:3    | Found Newaphel's Book Shop.
 51592 | Elf:3    | Bought a scroll of teleportation for 39 gold pieces
 51592 | Elf:3    | Bought a potion of resistance for 130 gold pieces
 51837 | Elf:3    | Identified the +8 quick blade of Wrongful Imprisonment
                  | {freeze, Dex+3}
 51845 | Elf:3    | Reached skill level 26 in Dodging
 51851 | Elf:3    | Identified the ring of Liom {+Blink rElec Str+2 Dex+6}
 52616 | Elf:3    | Got a leatherbound book
 52705 | Elf:3    | Got an antique book
 52709 | Elf:3    | Got an illuminated book
 52739 | Elf:3    | Found the +3 pair of seven-league boots {Rampage+∞}
 53609 | Zot:4    | Noticed a curse toe
 53628 | Zot:4    | Killed a curse toe
 54620 | Zot:4    | Noticed a dread lich
 54630 | Zot:4    | Killed a dread lich
 54631 | Zot:4    | Reached XP level 24. HP: 47/122 MP: 32/36
 54647 | Zot:4    | Noticed an ancient lich
 54988 | Zot:4    | Killed an ancient lich
 55070 | Zot:4    | Noticed an ancient lich
 55075 | Zot:4    | Killed an ancient lich
 55091 | Zot:5    | Entered Level 5 of the Realm of Zot
 55382 | Zot:5    | Noticed an ancient lich
 55410 | Zot:5    | Noticed an ancient lich
 55417 | Zot:5    | Killed an ancient lich
 55443 | Zot:5    | Noticed an ancient lich
 55449 | Zot:5    | Killed an ancient lich
 55455 | Zot:5    | Noticed an orb of fire
 55469 | Zot:5    | Noticed an ancient lich
 55703 | Zot:5    | Killed an ancient lich
 55758 | Zot:5    | Noticed a Killer Klown
 55892 | Zot:5    | Killed a Killer Klown
 56042 | Zot:5    | Noticed an ancient lich
 56057 | Zot:5    | Killed an ancient lich
 56431 | Zot:5    | Noticed an ancient lich
 56443 | Zot:5    | Killed an ancient lich
 56486 | Zot:5    | Killed an ancient lich
 56511 | Zot:5    | Got the Orb of Zot
 56548 | Zot:5    | Noticed an orb of fire
 56569 | Zot:5    | Gained mutation: You are covered in fur. (AC +1) [an orb of
                  | fire]
 56583 | Zot:5    | Noticed Zayrisin the pandemonium lord
 56589 | Zot:5    | Gained mutation: Your magical capacity is low. (-10% MP)
                  | [an orb of fire]
 57161 | D:$      | Escaped with the Orb!

Illustrated notes

Levels and vault maps discovered:
D:1:      lemuel_arrival_hallway, layout_basic
D:2:      layout_basic, st_stairs_1, uniq_jessica
D:3:      layout_basic, mainiacjoe_overflow_paths, serial_shops,
          nicolae_shop_competitors_out_of_business, shop,
          nicolae_shop_bloodbath_and_beyond, nicolae_shop_crystal,
          minmay_misc_feat_square, uniq_ijyb, uniq_crazy_yiuf_cottage
D:4:      layout_loops_ring, grunt_ministairs_1
D:5:      layout_basic, minitemple, uniq_menkaure, uniq_grinder
D:6:      layout_rooms, minmay_temple_entry_junction
D:7:      layout_basic, old_standard_altar
D:8:      layout_rooms, ebering_ghost_reflecting_pool, enter_ossuary_5
D:9:      layout_grid_maze, ashenzari_altar_1, david_lair_generic,
          minmay_fire_ice_demons, uniq_maggie
D:10:     layout_rooms, david_orc_5, serial_shops,
          nicolae_shop_tiny_statue_garden
D:11:     layout_loops_ring, hangedman_tell_no_tales
D:12:     layout_loops_ring, minmay_circle_x, uniq_maurice, uniq_josephine
D:13:     layout_gridville, david_vaults_3, uniq_nessos, uniq_frances,
          uniq_snorg
D:14:     layout_cave_pools, serial_shops, nicolae_shop_statue_plus,
          nicolae_shop_crystal, gammafunk_ghost_smash, okawaru_metal_pillars_1_2
D:15:     gammafunk_depths_entry_grave, layout_long_grid,
          nicolae_uskayaw_dance_hall, uniq_jorgrun, uniq_louise
Lair:1:   layout_chaotic_city, beast_lair_carwin_6, uniq_sonja, uniq_nergalle
Lair:2:   layout_roguey, minmay_shoals_entry_centaurs,
          hellmonk_spider_entry_life_and_decay, basic_altar,
          chequers_serial_rivers_large_b, minmay_holes
Lair:3:   layout_cave_pods, portal_ice_cave_entry_pillars_1, special_room
          [special_room_bee]
Lair:4:   layout_cave_pods, st_stairs_12, dreamdust_gnoll_shepherd,
          grunt_megastairs_4, serial_bayou_shore_b
Lair:5:   hangedman_lair_in_review, layout_hall_layers, wormcave, slime_entry_1
Shoals:1: layout_shoals, nicolae_shoals_undead_eyrie
Shoals:2: layout_shoals, nicolae_shoals_kraken_intersection
Shoals:3: layout_shoals
Shoals:4: shoals_end_simple, layout_shoals, nicolae_shoals_wave_tunnel
Spider:1: layout_spider_delve, einodemon_crawler_minivault, uniq_azrael,
          uniq_rupert, uniq_nikola, uniq_kirke
Spider:2: layout_spider_delve
Spider:3: nicolae_spider_hilbert_zone_1 [nicolae_spider_hilbert_4_sides_1_open,
          nicolae_spider_hilbert_4_sides_1_open,
          nicolae_spider_hilbert_4_sides_1_open,
          nicolae_spider_hilbert_4_sides_1_open,
          nicolae_spider_hilbert_3_sides_1_open,
          nicolae_spider_hilbert_3_sides_1_open,
          nicolae_spider_hilbert_3_sides_1_open,
          nicolae_spider_hilbert_3_sides_1_open,
          nicolae_spider_hilbert_3_sides_1_open,
          nicolae_spider_hilbert_6_sides_1_open,
          nicolae_spider_hilbert_6_sides_1_open,
          nicolae_spider_hilbert_3_sides_1_open,
          nicolae_spider_hilbert_3_sides_1_open,
          nicolae_spider_hilbert_3_sides_1_open,
          nicolae_spider_hilbert_3_sides_1_open,
          nicolae_spider_hilbert_2_sides_1_open], beargit_elvish_explorers,
          uniq_agnes, uniq_arachne
Spider:4: hellmonk_spider_rune_endless_swarm, guppyfry_spider_mini_1
Orc:1:    layout_diamond_mine, basic_altar
Orc:2:    st_orc_pillars, layout_diamond_mine, serial_shops, shop, shop,
          mines2_lemuel
Elf:1:    eino_elf_arrival_sip, layout_onion_city, kennysheep_underground_church
Elf:2:    nicolae_elf_blades_crystal_corner, layout_gridlike, serial_shops,
          shop, ebering_ghost_disaster_area
Elf:3:    grunt_elf_hall_branching, layout_geoelf_grid, minmay_shop_star
Vaults:1: nicolae_vaults_oozy_zoo, v_rooms_3, v_misc_4, vaults_room_boxed,
          v_misc_13, vaults_room_ringed_pool, nicolae_vaults_closet_pinwheel_1,
          v_rooms_2, nicolae_vaults_network_barrier, nicolae_vaults_tangram_1,
          vaults_dpeg_doors, vaults_room_fancy_cross, nicolae_vaults_cochlea,
          layout_vaults_omnibox, uniq_saint_roka
Vaults:2: nicolae_vaults_taking_the_gang_shopping, hangedman_vaults_stagger,
          hangedman_vaults_river_flow, ontoclasm_vaults_shout,
          nicolae_vaults_frosty_reception, nicolae_vaults_oval_intersection,
          vaults_mumra_lcd, nicolae_vaults_gold_heap,
          nicolae_vaults_trapezoid_2, layout_vaults_omnigrid, serial_shops,
          shop, uniq_donald
Vaults:3: minmay_crypt_entry_simple_round, st_spiral_rooms,
          nicolae_vaults_door_testing_chamber, nicolae_vaults_six-pack,
          nicolae_vaults_network_star, nicolae_vaults_lightning_bolt,
          nicolae_vaults_doubleplus_tesselated, nicolae_vaults_tetromino_T_2,
          nicolae_vaults_trapezoid_lopsided_3,
          nicolae_vaults_trapezoid_lopsided_4, vaults_standard_mumra_x,
          nicolae_vaults_closet_pinwheel_2, vaults_dpeg_diagonal,
          ontoclasm_vaults_shuriken, layout_vaults_ring, serial_shops,
          shop_statue
Vaults:4: nicolae_vaults_network_quinsquares
          [nicolae_vaults_network_quincunx_subvault,
          nicolae_vaults_network_quincunx_subvault,
          nicolae_vaults_network_quincunx_subvault,
          nicolae_vaults_network_quincunx_subvault], vaults_mumra_hex,
          grunt_vaults_twisty, nicolae_vaults_circle_grid_a,
          grunt_vaults_hallway_long, v_misc_13,
          nicolae_vaults_trapezoid_layered, v_pattern_4, layout_vaults_big_room
Depths:1: layout_cave_pools, dreamdust_wishing_well, rand_demon_pan_entry_1,
          hell_entry, nicolae_eternal_life, minmay_serpent_palace,
          minmay_shop_grove
Depths:2: cheibrodos_poisonous_passages, layout_gridlike, enter_ziggurat_f,
          hell_entry, pan_entry, lemuel_blue_sif_altar, special_room
          [special_room_morgue], hangedman_aerie_drop, uniq_josephina,
          uniq_grunn, uniq_sojobo
Depths:3: minmay_the_grid_triangle_9x9_recursive_3_mashed
          [minmay_the_grid_triangle_9x9_longest,
          minmay_the_grid_triangle_9x9_skeleton,
          minmay_the_grid_triangle_9x9_sparse_checkered,
          minmay_the_grid_triangle_9x9_prize_schism,
          minmay_the_grid_triangle_9x9_swiss_cheese,
          minmay_the_grid_triangle_9x9_stretched_checkered,
          minmay_the_grid_triangle_9x9_fully_insulated_deathbox,
          minmay_the_grid_triangle_9x9_sprig,
          minmay_the_grid_triangle_9x9_zippers_vertical], layout_basic,
          hell_entry, abyss_entry, serial_shops, nicolae_shop_industrial_runoff,
          nzn_ghost_randoct, minmay_strange_pillars, uniq_mara, uniq_jory,
          uniq_vv, uniq_frederick
Depths:4: grunt_twist_and_shout, layout_basic, hell_entry,
          lemuel_coloured_pillars_altar
Zot:1:    hellmonk_paralyzer, layout_basic, serial_nicolae_subway,
          nicolae_sub_station_metal, nicolae_sub_station_stone,
          nicolae_sub_station_crystal
Zot:2:    layout_concentric_octagons
Zot:3:    layout_cathedral_of_symmetry
Zot:4:    hellmonk_crystal_mountain, layout_basic, grunt_megastairs_2
Zot:5:    layout_cathedral_of_symmetry

Skill      XL: |  1  2  3  4  5  6  7  8  9 10 11 12 13 14 15 16 17 18 19 20 21 22 23 24 |
---------------+-------------------------------------------------------------------------+-----
Ranged Weapons | 5 6 7 8 10 12 13 14 16 18 19 21 22 23 24 | 24.7
Dodging        | 4 8 11 12 14 16 18 19 21 22 24 25 26 | 26.0
Evocations     | 3 4 6 12 15 17 19 21 | 21.4
Invocations    | 2 4 6 7 9 10 | 10.0
Fighting       | 2 4 6 7 9 10 11 12 14 15 16 17 18 | 18.3
Stealth        | 3 |  3.0
Armour         | 1 3 4 6 |  6.0
Hexes          | 5 10 12 14 | 14.3
Air Magic      | 3 6 8 |  8.0
Spellcasting   | 4 8 |  8.0
Translocations | 4 5 |  5.0

Action                     |  1- 3 |  4- 6 |  7- 9 | 10-12 | 13-15 | 16-18 | 19-21 | 22-24 || total
---------------------------+-------+-------+-------+-------+-------+-------+-------+-------++-------
   Fire: Shortbow          |    63 |   182 |   487 |   306 |       |       |       |       ||  1038
         Orcbow            |       |       |       |   652 |    22 |       |       |       ||   674
         Arbalest          |       |       |       |       |  1101 |  1601 |  1374 |  1283 ||  5359
   Cast: Cause Fear        |       |       |       |       |     1 |     3 |       |       ||     4
         Silence           |       |       |       |       |       |     3 |     3 |     2 ||     8
         Blink             |       |       |       |       |       |       |     1 |     3 ||     4
         Apportation       |       |       |       |       |       |       |     1 |       ||     1
 Invoke: Recall Ancestor   |       |       |     6 |    29 |    42 |    60 |    73 |    52 ||   262
         Ancestor Identity |       |       |     1 |       |       |       |       |       ||     1
         Ancestor Life: Kn |       |       |     1 |       |       |       |       |       ||     1
         Transference      |       |       |       |     3 |     1 |     6 |     5 |     5 ||    20
         Idealise          |       |       |       |       |     8 |    10 |    21 |    17 ||    56
  Evoke: Wand              |       |       |       |       |       |       |     6 |     7 ||    13
    Use: Scroll            |       |     2 |     7 |     8 |     6 |    15 |    16 |    18 ||    72
         Potion            |       |       |       |       |     5 |     3 |    14 |    15 ||    37
 Armour: Robe              |     2 |    22 |    27 |       |       |       |       |       ||    51
         Acid dragon scale |       |       |       |    25 |    21 |       |       |       ||    46
         Troll leather arm |       |       |       |       |    29 |   116 |    85 |    98 ||   328
  Dodge: Dodged            |     9 |    32 |    65 |   101 |   122 |   406 |   255 |   325 ||  1315

Table legend: (Time is in decaauts)
 A = Elapsed time spent in this place.
 B = Non-inter-level travel time spent in this place.
 C = Inter-level travel time spent in this place.
 D = Time resting spent in this place.
 E = Time spent auto-exploring this place.
 F = Levels seen in this place.
 G = Mean time per level.
                   A        B        C        D        E       F      G
               +--------+--------+--------+--------+--------+-----+--------+
         Total |  41206 |  37177 |   4029 |   5687 |  12726 |  50 |  824.1 |
       Dungeon |   9738 |   8563 |   1175 |    788 |   4765 |  15 |  649.2 |
          Lair |   5350 |   4806 |    544 |    634 |   2192 |   5 | 1070.0 |
        Shoals |   2455 |   2155 |    300 |    494 |     30 |   4 |  613.8 |
   Spider Nest |   4323 |   4081 |    242 |    985 |   1061 |   4 | 1080.8 |
  Orcish Mines |   1358 |   1112 |    246 |    181 |    407 |   2 |  679.0 |
   Elven Halls |   2406 |   2253 |    153 |    198 |    761 |   3 |  802.0 |
        Vaults |   5049 |   4614 |    435 |    610 |   1916 |   4 | 1262.2 |
        Depths |   5541 |   4893 |    648 |    942 |   1141 |   4 | 1385.2 |
           Zot |   4668 |   4386 |    282 |    838 |    450 |   5 |  933.6 |
         Abyss |    141 |    141 |      0 |     14 |      0 |   3 |   47.0 |
       Ossuary |    172 |    172 |      0 |      0 |      0 |   1 |  172.0 |
               +--------+--------+--------+--------+--------+-----+--------+

Top non-repeatable levels by time:
Depths:2: 1814 daAuts
Vaults:2: 1626 daAuts
Depths:1: 1512 daAuts
Spider:4: 1393 daAuts
Spider:3: 1383 daAuts
  Lair:5: 1321 daAuts
   Zot:4: 1310 daAuts
Vaults:1: 1190 daAuts
Vaults:4: 1146 daAuts
Depths:4: 1109 daAuts
Depths:3: 1105 daAuts
     D:9: 1103 daAuts
Vaults:3: 1085 daAuts
   Elf:3: 1063 daAuts
  Lair:2: 1061 daAuts
